 Dungeon Crawl Stone Soup version 0.21.1-1-g345015fe64 (webtiles) character file.

38 Jannitor the Vexing (level 3, 0/30 HPs)
             Began as a Deep Elf Arcane Marksman on June 7, 2018.
             Succumbed to a worker ant's poison
             ... on level 2 of the Dungeon.
             The game lasted 00:01:27 (1009 turns).

Jannitor the Vexing (Deep Elf Arcane Marksman)      Turns: 1009, Time: 00:01:28

Health: 0/30       AC: 21    Str:  6 (8)  XL:     3   Next: 25%
Magic:  4/7        EV:  2    Int: 17      God:
Gold:   86         SH:  0    Dex: 14 (15) Spells: 2/5 levels left

rFire    . . .     SeeInvis .   (no weapon)
rCold    . . .     Gourm    .   (no shield)
rNeg     + + +     Faith    .   (armour currently unavailable)
rPois    +         Spirit   .   (helmet currently unavailable)
rElec    .         Reflect  .   (cloak currently unavailable)
rCorr    .         Harm     .   (gloves currently unavailable)
MR       .....     NoTele   +   (boots currently unavailable)
Stlth    +.........             (no amulet)
HPRegen  0.10/turn              (no ring)
MPRegen  0.10/turn              (no ring)

@: lethally poisoned (0 -> -4), tree-form, berserk cooldown, hasted and slowed
A: no striking features
a: no special abilities


You were on level 2 of the Dungeon.
You were not hungry.
You were a tree.
You visited 1 branch of the dungeon, and saw 2 of its levels.

You collected 86 gold pieces.

Inventory:

Hand Weapons
 a - a +0 shortbow
Missiles
 d - 52 arrows
Armour
 e - a +0 robe
 m - a +1 ring mail of fire resistance (melded)
Scrolls
 b - a scroll of teleportation {unknown}
 i - 3 scrolls of identify {unknown}
 k - a scroll of blinking {unknown}
Books
 c - a book of Debilitation

   Spells                             Type                      Level
   a - Corona                         Hexes                        1
   b - Slow                           Hexes                        2
   c - Inner Flame                    Hexes/Fire                   3
   d - Portal Projectile              Hexes/Translocation          3
   e - Cause Fear                     Hexes                        4
   f - Leda's Liquefaction            Hexes/Earth                  4
Comestibles
 f - 5 rations


   Skills:
 + Level 1.3 Fighting
 + Level 2.7 Bows
 + Level 0.4 Armour
 + Level 3.0 Dodging
 - Level 1.5 Spellcasting
 + Level 4.4 Hexes


You had 2 spell levels left.
You knew the following spells:

 Your Spells              Type           Power        Failure   Level  Hunger
a - Corona                Hex            ###....      3%          1    ##.....
b - Slow                  Hex            ###.....     4%          2    ###....


Dungeon Overview and Level Annotations

Branches:
Dungeon (2/15)

Altars:


Message History

Your base attributes are Str 7, Int 17, Dex 15.
Increase (S)trength, (I)ntelligence, or (D)exterity?
You feel stronger.
Unknown command.
There is a lethal amount of poison in your body!
There is a lethal amount of poison in your body!
You feel a strong urge to attack something.
* * * LOW HITPOINT WARNING * * *
You feel sick.
Your magical contamination has completely faded away.
You feel your anger nearly subside.
You are no longer berserk.
You are exhausted.
You feel yourself slow down.
You aren't carrying any potions.
Unknown command.
You aren't carrying any potions.
* * * LOW HITPOINT WARNING * * *
You feel sick.
Unknown command.
You die...

.....[..#..###..##..#
#.......#......####.#
....#..###.#..## #.#
..(#......#...###.##
#..###.#..###......## #
.(...#.......###..####
#.###(#..###.#...#
#.....#
..#.....#.....[#...#
####...
#.......###♣#..###.#
##.#
##..##......#......###
#.# #.
###.##.###.#....#####.#
............#...........
###########.###......###
#.....####..## #######
##... ####


There were no monsters in sight!

Vanquished Creatures
  A worker ant (D:2)
  A leopard gecko (D:2)
  A giant cockroach (D:1)
  3 goblins (D:1)
  A hobgoblin (D:1)
  A bat (D:2)
  2 kobolds (D:1)
  3 rats (D:1)
13 creatures vanquished.

Notes
Turn   | Place    | Note
-------+----------+-------------------------------------------
     0 | D:1      | Jannitor the Deep Elf Arcane Marksman began the quest for the Orb.
     0 | D:1      | Reached XP level 1. HP: 11/11 MP: 5/5
   229 | D:1      | Reached skill level 1 in Fighting
   431 | D:1      | Reached XP level 2. HP: 8/16 MP: 4/6
   589 | D:1      | Learned a level 2 spell: Slow
  1001 | D:2      | Reached XP level 3. HP: 3/20 MP: 3/7
  1003 | D:2      | HP: 2/45 [poisoned by a worker ant]
  1009 | D:2      | Succumbed to a worker ant's poison

Skill      XL: |  1  2 |
---------------+-------+-----
Fighting       | 1 |  1.3
Dodging        | 3 |  3.0
Bows           | |  2.7
Armour         | |  0.4
Spellcasting   | |  1.5
Hexes          | |  4.4

Action                   || total
-------------------------++-------
Melee: Unarmed           ||     1
 Fire: Shortbow          ||    50
 Cast: Corona            ||     6
       Slow              ||     1
  Use: Potion            ||     4
Armor: Robe              ||     6
       Ring mail         ||     4
       Skin              ||     2
Dodge: Dodged            ||    14
